 Dungeon Crawl Stone Soup version 0.30-a0-57-g8b159a9891 (webtiles) character file.

Game seed: 16095439807729959315

245 Malachi the Shooter (level 5, -5/38 HPs)
             Began as a Demonspawn Hunter on Sept 12, 2022.
             Was a Believer of Jiyva.
             Slain by an orc warrior
             ... wielding a +0 long sword of flaming
              (16 damage)
             ... on level 4 of the Dungeon.
             The game lasted 00:02:48 (2297 turns).

Malachi the Shooter (Demonspawn Hunter)             Turns: 2297, Time: 00:02:48

Health: -5/38      AC:  3    Str: 11    XL:     5   Next: 84%
Magic:  5/5        EV: 12    Int: 11    God:    Jiyva [**....]
Gold:   95         SH:  0    Dex: 18    Spells: 4/4 levels left

rFire   . . .      SeeInvis .    a - +0 shortbow
rCold   . . .      Faith    .    (shield currently unavailable)
rNeg    . . .      Spirit   .    c - +0 leather armour
rPois   .          Reflect  .    (no helmet)
rElec   .          Harm     .    (no cloak)
rCorr   +          Rampage  .    (no gloves)
Will    .....                    (no boots)
Stlth   ++........               (no amulet)
HPRegen 1.08/turn                m - ring of flight
MPRegen 0.39/turn                (no ring)

@: flying
A: demonic touch 2
a: Renounce Religion


You were on level 4 of the Dungeon.
You worshipped Jiyva.
Jiyva was pleased with you.
You visited 1 branch of the dungeon, and saw 4 of its levels.

You collected 95 gold pieces.

Inventory:

Hand Weapons
 a - a +0 shortbow (weapon)
 u - a +2 dagger of speed
Missiles
 y - a throwing net
Armour
 c - a +0 leather armour (worn)
Jewellery
 m - a ring of flight (left hand)
 w - a ring of resist corrosion
 x - an amulet of magic regeneration
Scrolls
 b - a scroll of immolation
 d - 3 scrolls of identify
 e - a scroll of magic mapping
 g - a scroll of vulnerability {unknown}
 i - a scroll of summoning {unknown}
 j - a scroll of teleportation {unknown}
 k - a scroll of noise {unknown}
 o - a scroll of blinking {unknown}
 p - a scroll of fog {unknown}
 r - a scroll of enchant weapon {unknown}
 v - a scroll of enchant armour {unknown}
Potions
 f - 3 potions of cancellation {unknown}
 h - 2 potions of curing {unknown}
 l - a potion of flight {unknown}
 n - a potion of magic {unknown}
 q - 2 potions of attraction {unknown}
 s - a potion of heal wounds {unknown}
 t - a potion of haste {unknown}


   Skills:
 - Level 2.0 Fighting
 + Level 6.5 Ranged Weapons
 - Level 1.7 Dodging
 - Level 0.9 Stealth


You had 4 spell levels left.
You didn't know any spells.
Your spell library contained the following spells:

 Spells                   Type           Power      Damage    Failure   Level
 Summon Small Mammal      Summ           0%         N/A       43%         1
 Call Canine Familiar     Summ           0%         N/A       80%         3
 Gell's Gravitas          Tloc           0%         N/A       80%         3
 Lesser Beckoning         Tloc           0%         N/A       80%         3
 Summon Guardian Golem    Hex/Summ       0%         N/A       80%         3
 Teleport Other           Tloc           0%         N/A       80%         3


Dungeon Overview and Level Annotations

Branches:
Dungeon (4/15)
 Temple: D:4-7

Altars:
Jiyva


Innate Abilities, Weirdness & Mutations

Your touch may inflict irresistible damage on your foes.


Message History

An orc warrior is nearby!
An orc warrior is nearby!
You shoot an arrow.
The arrow closely misses the orc warrior.
The orc warrior shouts!
You hear a shout!
You shoot an arrow.
The arrow hits the orc warrior but does no damage.
The orc warrior is moderately wounded.
You hear a distant slurping noise.
You shoot an arrow.
The arrow closely misses the orc warrior.
The orc warrior hits you with a +0 long sword of flaming!
The orc warrior burns you.
You shoot an arrow.
The arrow hits the orc warrior but does no damage.
The orc warrior is moderately wounded.
You hear a distant slurping noise.
An orc comes into view. It is wielding a +0 short sword.
The orc warrior hits you with a +0 long sword of flaming.
The orc warrior burns you.
Okay, then.
The orc warrior attacks as you move away!
The orc warrior misses you.
You hear a distant slurping noise.
You hear a squelching noise.
The orc warrior attacks as you move away!
The orc warrior barely misses you.
The orc warrior attacks as you move away!
The orc warrior barely misses you.
The orc warrior attacks as you move away!
The orc warrior hits you with a +0 long sword of flaming!
The orc warrior burns you.
The orc warrior attacks as you move away!
The orc warrior hits you with a +0 long sword of flaming!
The orc warrior burns you.
* * * LOW HITPOINT WARNING * * *
As you read the scroll labelled LUYFRU OGAQ, it crumbles to dust.
It is a scroll of identify.
e - a scroll of magic mapping The orc warrior hits you with a +0 long sword of flaming!
You die...

## ##### #### ##. #.#.## #..##
##.. .. ##....##### ###...#
##... ....#.........## #....##
#.### ........####...##
###...######~~
.........##...o@###......#.#.#~.
>.......###.......#..........#~.
...o....# #...###......###...†..
..##...## ##.## ##......#.......
. ##.. #.. #..........##~. ##.
..> #..........###~. ## ##..
#...........>#~~ ##
.............####
.##..........##..


You could see an orc warrior.

Vanquished Creatures
  2 orc priests (D:4)
  2 iguanas (D:4)
  2 gnolls (D:4)
  5 adders
  An ufetubus (D:4)
  3 worms
  3 dart slugs (D:2)
  7 orcs
  3 endoplasms (D:2)
  3 giant cockroaches (D:2)
  5 goblins
  3 hobgoblins
  3 ball pythons
  4 bats
  2 frilled lizards (D:1)
  A kobold (D:2)
49 creatures vanquished.

Vanquished Creatures (others)
  2 jellies (D:4)
  A gnoll bouda (D:4)
  An orc wizard (D:3)
  A gnoll (D:4)
  2 adders
  A worm (D:3)
  A dart slug (D:4)
  2 endoplasms (D:4)
  3 orcs (D:3)
  A giant cockroach (D:3)
  2 goblins (D:4)
  A bat (D:3)
  A kobold (D:3)
  11 fungi (D:2)
30 creatures vanquished.

Grand Total: 79 creatures vanquished

Notes
Turn   | Place    | Note
-------+----------+-------------------------------------------
     0 | D:1      | Malachi the Demonspawn Hunter began the quest for the Orb.
     0 | D:1      | Reached XP level 1. HP: 16/16 MP: 1/1
   295 | D:1      | Reached skill level 4 in Ranged Weapons
   417 | D:1      | Gained mutation: Your touch may inflict minor irresistible
                  | damage on your foes. [demonic ancestry]
   417 | D:1      | Reached XP level 2. HP: 22/22 MP: 2/2
   908 | D:2      | Found a faded altar of an unknown god.
  1059 | D:2      | Gained mutation: Your touch may inflict irresistible damage
                  | on your foes. [demonic ancestry]
  1059 | D:2      | Reached XP level 3. HP: 24/27 MP: 3/3
  1484 | D:2      | Prayed at the altar of an unknown god.
  1484 | D:2      | Became a worshipper of Jiyva Josecwa the Shapeless
  1484 | D:2      | Reached * piety under Jiyva
  1724 | D:3      | Reached skill level 5 in Ranged Weapons
  1960 | D:4      | Reached XP level 4. HP: 23/33 MP: 4/4
  2037 | D:4      | Reached XP level 5. HP: 13/38 MP: 5/5
  2076 | D:4      | Reached ** piety under Jiyva
  2084 | D:4      | Reached skill level 6 in Ranged Weapons
  2283 | D:4      | Noticed an orc warrior
  2297 | D:4      | Slain by an orc warrior

Illustrated notes

Levels and vault maps discovered:
D:1:      nagdon_arrival_double_spiral, layout_rooms
D:2:      layout_loops_ring, hellmonk_ecumenical_altar_run_dry,
          dreamdust_mushroom_princess
D:3:      layout_basic
D:4:      kennysheep_the_goblin_king, layout_cave_pools,
          nzn_overflow_gifts_of_might_and_magic, mainiacjoe_overflow_swirl,
          kennysheep_generic_room_5

Skill      XL: |  1  2  3  4  5 |
---------------+----------------+-----
Ranged Weapons | 4 5 6 |  6.5
Fighting       | |  2.0
Dodging        | |  1.7
Stealth        | |  0.9

Action                   |  1- 3 |  4- 6 || total
-------------------------+-------+-------++-------
Melee: Dagger            |       |     5 ||     5
       Touch             |       |     2 ||     2
 Fire: Shortbow          |    91 |    84 ||   175
  Use: Scroll            |       |     1 ||     1
Armor: Leather armour    |     7 |     5 ||    12
Dodge: Dodged            |    19 |    29 ||    48

Table legend: (Time is in decaauts)
 A = Elapsed time spent in this place.
 B = Non-inter-level travel time spent in this place.
 C = Inter-level travel time spent in this place.
 D = Time resting spent in this place.
 E = Time spent auto-exploring this place.
 F = Levels seen in this place.
 G = Mean time per level.
                   A        B        C        D        E       F      G
               +--------+--------+--------+--------+--------+-----+--------+
         Total |   2342 |   2228 |    114 |    167 |   1665 |   4 |  585.5 |
       Dungeon |   2342 |   2228 |    114 |    167 |   1665 |   4 |  585.5 |
               +--------+--------+--------+--------+--------+-----+--------+

Top non-repeatable levels by time:
     D:2: 970 daAuts
     D:1: 570 daAuts
     D:3: 462 daAuts
     D:4: 340 daAuts
